 Dungeon Sprint DCSS version 0.32-a0-779-g362cfcae2a (webtiles) character file.

Game seed: 12304510054180931553

340 rocky1 the Basher (level 6, -3/63 HPs)
             Began as a Mountain Dwarf Fighter on Mar 19, 2024.
             Was an Initiate of Gozag.
             Killed from afar by an acid dragon (27 damage)
             ... with a splash of acid
             ... in the Dungeon (Sprint IX: "|||||||||||||||||||||||||||||").
             The game lasted 00:01:04 (573 turns).

rocky1 the Basher (Mountain Dwarf Fighter)           Turns: 573, Time: 00:01:04

Health: -3/63      AC:  6    Str: 21    XL:     6   Next: 30%
Magic:  6/6        EV:  8    Int:  8    God:    Gozag
Gold:   0          SH:  4    Dex:  9    Spells: 5/5 levels left

rFire   . . .        a - +0 flail
rCold   . . .        c - +0 buckler
rNeg    . . .        b - +0 scale mail
rPois   .            (no helmet)
rElec   .            (no cloak)
rCorr   .            (no gloves)
SInv    .            (no boots)
Will    .....        (no amulet) Stlth
                     (no ring)
HPRegen 0.30/turn    (no ring)
MPRegen 0.10/turn

%: no teleportation
@: mighty, gold aura, invisible
A: runic magic, artefact enchanting
a: Renounce Religion, Potion Petition, Call Merchant, Bribe Branch


You were in the Dungeon.
You worshipped Gozag.
Gozag was noncommittal.
You visited 1 branch

Inventory:

Hand Weapons
 a - a +0 flail (weapon)
Armour
 b - a +0 scale mail (worn)
 c - a +0 buckler (worn)
Jewellery
 m - a +2 ring of protection
 n - a +3 ring of strength
Wands
 l - a wand of roots (10)
Scrolls
 j - 2 scrolls of blinking
 k - 2 scrolls of amnesia
Potions
 e - 5 potions of curing
 f - 3 potions of heal wounds
 g - a potion of haste
 h - 4 potions of magic


   Skills:
 + Level 9.2 Fighting
 * Level 13.1 Maces & Flails
 - Level 3.2 Armour
 - Level 3.2 Shields


You had 5 spell levels left.
You didn't know any spells.
Your spell library was empty.

Dungeon Overview and Level Annotations

Branches:
Dungeon (1/1)

Altars:
Cheibriados
Dithmenos
Elyvilon
Fedhas
Gozag
Hepliaklqana
Kikubaaqudgha
Makhleb
Nemelex Xobeh
Okawaru
Qazlal
Ru
Sif Muna
Trog
Uskayaw
Vehumet
Wu Jian
Xom
Yredelemnul
Zin
The Shining One
Beogh
Jiyva
Lugonu


Innate Abilities, Weirdness & Mutations

Your spellcasting is much less encumbered by armour.
You can use scrolls of enchantment on lesser artefacts.


Message History

The orc warrior is heavily wounded.
You block the orc warrior's attack.
You sock the orc warrior!
The orc warrior is almost dead.
The orc warrior completely misses you.
You hit the orc warrior but do no damage.
The orc warrior is almost dead.
The orc warrior hits you with a +0 long sword!
You sock the orc warrior!
You kill the orc warrior!
The howler monkey hoots and howls with incredible vigour!
You hear an angry hiss.
Your Fighting skill increases to level 9!
Your Maces & Flails skill increases to level 13!
You have reached level 6!
You fade into invisibility!
You feel very mighty all of a sudden. The troll barely misses you.
The troll closely misses you. The troll claws you but does no damage.
You completely miss the troll. You block the troll's attack.
The troll closely misses you. The troll claws you.
You closely miss the troll. You block the troll's attack. The troll claws you.
The troll claws you!
You hit the troll.
The troll is lightly wounded.
The howler monkey hoots and howls with incredible vigour!
You block the troll's attack. The troll completely misses you.
The troll claws you but does no damage.
You hear an angry hiss.
You catch the helpless troll completely off-guard!
You sock the troll!
The troll is heavily wounded.
You bludgeon the troll!!
The troll is almost dead.
You sock the troll!
You kill the troll!
The acid dragon spits acid at something.
The splash of acid hits you!!
You die...
Your body crumbles into a pile of gold. ▓▓▓▓▓▓▓▓▓▓▓▓▓▓▓▓▓▓▓▓▓▓▓▓ ..DWhD$@.[[[.)..'_______ ▓▓▓▓▓▓▓▓▓▓▓▓▓▓▓▓▓▓▓▓▓▓▓▓

You could see a wraith, 2 acid dragons and a howler monkey (unable to see you, catching breath).

Vanquished Creatures
  A troll (D)
  An orc warrior (D)
  An ice beast (D)
  An ogre (D)
  A sleepcap (D)
  An iguana (D)
  An adder (D)
  A dart slug (D)
  An endoplasm (D)
  A goblin (D)
  A hobgoblin (D)
  A kobold (D)
12 creatures vanquished.

Notes
Turn   | Place    | Note
-------+----------+-------------------------------------------
     0 | D        | rocky1 the Mountain Dwarf Fighter began the quest for the
                  | Orb.
     0 | D        | Reached XP level 1. HP: 19/19 MP: 1/1
     6 | D        | Reached skill level 3 in Maces & Flails
    14 | D        | Reached skill level 4 in Maces & Flails
    35 | D        | Noticed a sleepcap
    35 | D        | Noticed an iguana
    35 | D        | Noticed an ice beast
    35 | D        | Noticed an ogre
    39 | D        | Killed an ogre
    40 | D        | Reached skill level 8 in Maces & Flails
    40 | D        | Reached XP level 2. HP: 8/31 MP: 2/2
    40 | D        | Reached XP level 3. HP: 10/38 MP: 3/3
    40 | D        | Reached XP level 4. HP: 11/45 MP: 4/4
    41 | D        | Killed an ice beast
    42 | D        | Reached skill level 11 in Maces & Flails
    42 | D        | Reached XP level 5. HP: 6/53 MP: 5/5
    51 | D        | Reached skill level 12 in Maces & Flails
   512 | D        | Found a roughly hewn altar of Beogh.
   512 | D        | Found a snail-covered altar of Cheibriados.
   512 | D        | Found a shadowy altar of Dithmenos.
   512 | D        | Found a white marble altar of Elyvilon.
   512 | D        | Found a blossoming altar of Fedhas.
   512 | D        | Found an opulent altar of Gozag.
   513 | D        | Found a hazy altar of Hepliaklqana.
   514 | D        | Found a viscous altar of Jiyva.
   515 | D        | Found an ancient bone altar of Kikubaaqudgha.
   516 | D        | Found a corrupted altar of Lugonu.
   517 | D        | Found a burning altar of Makhleb.
   518 | D        | Found a sparkling altar of Nemelex Xobeh.
   519 | D        | Found an iron altar of Okawaru.
   520 | D        | Became a worshipper of Gozag Ym Sagoz the Greedy
   521 | D        | Found a stormy altar of Qazlal.
   522 | D        | Found a sacrificial altar of Ru.
   523 | D        | Found a shimmering blue altar of Sif Muna.
   524 | D        | Found a bloodstained altar of Trog.
   525 | D        | Found a hide-covered altar of Uskayaw.
   526 | D        | Found a radiant altar of Vehumet.
   527 | D        | Found an ornate altar of the Wu Jian Council.
   528 | D        | Found a shimmering altar of Xom.
   529 | D        | Found a basalt altar of Yredelemnul.
   530 | D        | Found a glowing silver altar of Zin.
   531 | D        | Found a glowing golden altar of the Shining One.
   555 | D        | Noticed an acid dragon
   555 | D        | Noticed a wraith
   555 | D        | Noticed a troll
   555 | D        | Noticed an acid dragon
   555 | D        | Noticed an orc warrior
   565 | D        | Killed an orc warrior
   566 | D        | Reached skill level 13 in Maces & Flails
   566 | D        | Reached XP level 6. HP: 40/63 MP: 6/6
   573 | D        | Killed a troll
   573 | D        | Killed from afar by an acid dragon

Illustrated notes

Levels and vault maps discovered:
D:        linesprint [early_d, line_temple, items_1, d_10, items_2, lair_1,
          lair_end, items_3, orc_1, orc_end, items_4, d_15, swamp_1, shoals_1,
          snake_1, spider_1, d_20, vaults_1, items_5, swamp_end, shoals_end,
          snake_end, spider_end, vaults_end, d_27, items_6, zot_1, zot_end,
          crypt_end, forest_end, elf_end, slime_end, tomb_end, abyss_end,
          pan_hell_end]

Skill      XL: |  1  2  3  4  5 |
---------------+----------------+-----
Maces & Flails | 8 11 13 | 13.1
Fighting       | 6 7 9 |  9.2
Armour         | |  3.2
Shields        | |  3.2

Action                     |  1- 3 |  4- 6 || total
---------------------------+-------+-------++-------
  Melee: Flail             |    21 |    25 ||    46
    Use: Potion            |     1 |     2 ||     3
   Stab: Invisible         |       |     1 ||     1
 Armour: Scale mail        |     9 |    11 ||    20
  Dodge: Dodged            |     5 |    10 ||    15
  Block: Buckler           |     2 |     5 ||     7

Table legend: (Time is in decaauts)
 A = Elapsed time spent in this place.
 B = Non-inter-level travel time spent in this place.
 C = Inter-level travel time spent in this place.
 D = Time resting spent in this place.
 E = Time spent auto-exploring this place.
 F = Levels seen in this place.
 G = Mean time per level.
                   A        B        C        D        E       F      G
               +--------+--------+--------+--------+--------+-----+--------+
         Total |    584 |    584 |      0 |    478 |      0 |   1 |  584.0 |
       Dungeon |    584 |    584 |      0 |    478 |      0 |   1 |  584.0 |
               +--------+--------+--------+--------+--------+-----+--------+

Top non-repeatable levels by time:
       D: 584 daAuts
